[Event "Late-Titled-Tuesday-Blitz-August-29-2023"]
[Site "Chess.com"]
[Date "2023.08.29"]
[Round "11"]
[White "Colombiano07"]
[Black "Zq1"]
[Result "1-0"]
[WhiteElo "2466"]
[BlackElo "2512"]
[TimeControl "180+1"]
[EndTime "16:02:59 PDT"]
[Termination "Colombiano07 won on time"]

1. d4 d5 2. c4 e6 3. Nc3 a6 4.
Nf3 dxc4 5. a4 Nc6 6. e3 Na5 7.
Ne5 Nb3 8. Rb1 Nxc1 9. Rxc1 Nf6 10. Bxc4 Be7 11. O-O O-O 12. Qf3 c6 13. Rfd1 Bd7 14. e4 Be8 15. d5 exd5 16. exd5 Qc7 17. Ng4 Nxg4 18. Qxg4 c5 19. Ne4 Rd8 20. Qg3 Qxg3 21. hxg3 Bd6 22. a5 f5 23. Nxd6 Rxd6 24. Bf1 Bf7 25.
Rxc5 Rfd8 26. Bc4 Kf8 27. f3 Ke7 28. Kf2 R6d7 29. Ke3 Kd6 30. Kd4 Re8 31. Bd3 g6 32.
b4 Re5 33. Bxa6 Rxd5+ 34. Rxd5+ Bxd5 35. Bb5 Rd8 36. Rc1 Be6 37. Rc5 Ke7+ 38. Ke5 Rd2 39.
Rc7+ Kd8 40. Rxb7 Bc8 41. Rxh7 Rb2 42. Rh4 Rxg2 43. Bc6 Kc7 44. Bd5 Re2+ 45. Kf6 1-0

[Event "Late-Titled-Tuesday-Blitz-August-29-2023"]
[Site "Chess.com"]
[Date "2023.08.29"]
[Round "11"]
[White "GMMikhailKazakov"]
[Black "powermove"]
[Result "1-0"]
[WhiteElo "2344"]
[BlackElo "2097"]
[TimeControl "180+1"]
[EndTime "16:03:01 PDT"]
[Termination "GMMikhailKazakov won on time"]

1. d4 d5 2. c4 e6 3. Nc3 Nf6 4. Nf3 Be7 5. Bg5 O-O 6. e3 h6 7.
Bh4 Ne4 8. Bg3 c5 9. Bd3 Nxc3 10.
bxc3 cxd4 11. cxd4 dxc4 12. Bxc4 Qa5+ 13. Kf1 Nc6 14. h3 Rd8 15. Qe2 a6 16. Kg1 b5 17.
Bb3 Bb7 18. Kh2 Bd6 19. Bxd6 Rxd6 20. Rac1 Rad8 21. Rc5 Ne7 22. Rhc1 Bd5 23. Ne5 Bxb3 24. axb3 Nd5 25. Nc6 Qb6 26. Nxd8 Rxd8 27. Qf3 Qd6+ 28. Qg3 Qxg3+ 29. Kxg3 g6 30. Rc8 Rxc8 31. Rxc8+ Kg7 32. e4 Nf6 33. f3 Nh5+ 34. Kf2 Nf4 35. Ra8 Nd3+ 36.
Ke3 Nb4 37. Kd2 Nc6 38. d5 exd5 39. exd5 Nb4 40. d6 1-0

[Event "Late-Titled-Tuesday-Blitz-August-29-2023"]
[Site "Chess.com"]
[Date "2023.08.29"]
[Round "11"]
[White "BillieKimbah"]
[Black "vi_pranav"]
[Result "0-1"]
[WhiteElo "3042"]
[BlackElo "2970"]
[TimeControl "180+1"]
[EndTime "16:03:03 PDT"]
[Termination "vi_pranav won on time"]

1. d4 Nf6 2. Nf3 e6 3. Bg5 Be7 4. Nbd2 d5 5. e3 b6 6. c3 Bb7 7. Ne5 Nbd7 8. Bb5 O-O 9. Nc6 Qe8 10. Nxe7+ Qxe7 11. Bxd7 Qxd7 12. Bxf6 gxf6 13. Qg4+ Kh8 14. Qh4 Qd8 15. O-O Rg8 16. Qf4 Rg6 17. f3 Qe7 18.
Rf2 Rag8 19. Re1 e5 20. Qh4 Qf8 21. dxe5 fxe5 22. Qa4 a5 23. Nf1 f5 24. Ng3 Qg7 25. Qc2 Bc8 26. a3 c5 27. b4 f4 28. exf4 exf4 29. Nf1 axb4 30. axb4 cxb4 31. cxb4 Qd4 32. Kh1 Bf5 33. Qd2 Qxd2 0-1

[Event "Late-Titled-Tuesday-Blitz-August-29-2023"]
[Site "Chess.com"]
[Date "2023.08.29"]
[Round "11"]
[White "egnfanclub"]
[Black "rikchessmx"]
[Result "1/2-1/2"]
[WhiteElo "2314"]
[BlackElo "2422"]
[TimeControl "180+1"]
[EndTime "16:03:03 PDT"]
[Termination "Game drawn by repetition"]

1. e4 e5 2. Nf3 Nc6 3. d4 exd4 4.
Bc4 Qf6 5. O-O d6 6. c3 dxc3 7. Nxc3 Be6 8. Nd5 Qd8 9. Nd4 Nxd4 10. Qxd4 c6 11. Ne3 Bxc4 12. Nxc4 Be7 13. Qxg7 Bf6 14. Qg3 d5 15. Nd6+ Kf8 16. e5 Bg7 17. Bg5 f6 18. Qf4 h6 19. Bh4 h5 20. Rfe1 Bh6 21.
Qf3 Rh7 22. Qxh5 Qd7 23. Bg3 Bd2 24. e6 Qg7 25. Qf3 Bxe1 26. Rxe1 Ne7 27. Nf5 Nxf5 28. Qxf5 Qe7 29. Be5 Ke8 30. Bxf6 Qf8 31. e7 Qf7 32. Qe5 Rh6 33. Bg5 Rh5 34. g4 Rh7 35. Qc7 Qg6 36. Qd8+ Kf7 37. Qd7 Re8 38. Re5 Rg7 39. Rf5+ Kg8 40.
Bf6 Qxg4+ 41. Kf1 Qg2+ 42. Ke2 Qe4+ 43. Kf1 Rgxe7 44. Bxe7 Rxe7 45. Rg5+ Kh7 46. Qd8 Qe2+ 47. Kg2 Qe4+ 48. Kf1 Qe1+ 49. Kg2 Qe4+ 50. Kf1 1/2-1/2

[Event "Late-Titled-Tuesday-Blitz-August-29-2023"]
[Site "Chess.com"]
[Date "2023.08.29"]
[Round "11"]
[White "Alphafischer2019"]
[Black "Fonsofan"]
[Result "0-1"]
[WhiteElo "2549"]
[BlackElo "2712"]
[TimeControl "180+1"]
[EndTime "16:03:05 PDT"]
[Termination "Fonsofan won by checkmate"]

1. d4 c6 2. Bf4 d5 3. Nc3 Bf5 4.
f3 Nf6 5. g4 Bg6 6. h4 h6 7. e3 Qb6 8. Na4 Qa5+ 9. c3 Nbd7 10. b4 Qd8 11. Bd3 a5 12. Bxg6 fxg6 13. a3 b5 14. Nb2 e6 15. Qd3 Kf7 16. Rd1 axb4 17.
axb4 Ra3 18. Qc2 Qa8 19. Ne2 Be7 20. h5 Nf8 21. Nd3 N6d7 22. Nec1 Bf6 23. Bd6 g5 24. O-O g6 25. Qh2 Kg7 26. Ne2 Ra2 27. Rf2 Ra1 28.
Rxa1 Qxa1+ 29. Kg2 gxh5 30. gxh5 Rg8 31. Ne5 Kh7 32.
Qg3 Nxe5 33. Bxe5 Nd7 34. Bxf6 Nxf6 35. Qe5 Nxh5 36. Qxe6 Rg6 37. Qf7+ Ng7 38. Ng3 Qa8 39. Nh5 Qd8 40. Ra2 g4 41. f4 Qh4 42. Nxg7 Qh3+ 43.
Kg1 Qxe3+ 44. Kg2 Qe4+ 45. Kg1 Rxg7 46. Qf6 Qb1+ 47. Kg2 Qxa2+ 48. Kg3 Qb1 49. f5 Qd3+ 50. Kh4 Qh3# 0-1

[Event "Late-Titled-Tuesday-Blitz-August-29-2023"]
[Site "Chess.com"]
[Date "2023.08.29"]
[Round "11"]
[White "dennisodessa"]
[Black "Roedor"]
[Result "1/2-1/2"]
[WhiteElo "2521"]
[BlackElo "2438"]
[TimeControl "180+1"]
[EndTime "16:03:05 PDT"]
[Termination "Game drawn - insufficient material"]

1. c4 Nf6 2. d4 g6 3. Nc3 Bg7 4. e4 d6 5. f3 O-O 6. Be3 c5 7. dxc5 dxc5 8. Qxd8 Rxd8 9. Bxc5 Nc6 10. Nge2 b6 11.
Ba3 a5 12. Rd1 Rxd1+ 13. Kxd1 Nb4 14. Nd5 Nfxd5 15. cxd5 e6 16. Nc3 Bb7 17. Bc4 Rc8 18.
Bb3 Nd3 19. Kd2 Nc5 20. Rd1 Nxb3+ 21. axb3 Bxc3+ 22. bxc3 exd5 23. exd5 Bxd5 24. c4 Be6 25.
Rc1 a4 26. bxa4 Rxc4 27. Rxc4 Bxc4 28. Kc3 Bf1 29. g3 Be2 30. f4 f5 31. Bd6 Kf7 32. Kb4 Ke6 33. Bc7 Kd5 34. Bxb6 Ke4 35. Kc5 Kf3 36.
Kd5 Kg2 37. Ke5 Kxh2 38. Bf2 Kh3 39. Kf6 Kg4 40. Kg7 g5 41. fxg5 Kxg5 42. Kxh7 f4 43. a5 fxg3 44. Bxg3 Ba6 45. Kg7 Kf5 46. Kf7 Ke4 47.
Ke6 Bc4+ 48. Kd6 Be2 49. Kc6 Kf3 50. Bc7 Kg2 51. Kb6 Kh1 52. Bb8 Kg2 53. Bc7 Kh1 54. Bd6 Kg2 55. Be5 Kh1 56. Bf6 Kg2 57. Bg7 Kh1 58.
Bh6 Kg2 59. Bg5 Kh1 60. Bf6 Kg2 61. Bd4 Kh1 62. Bc3 Kg2 63. Bb2 Kh1 64. Bc1 Kg2 65. Ba3 Kh1 66. Kc5 Kg2 67. Bc1 Kh1 68. Bd2 Kg2 69.
Bc3 Kh1 70. Bb4 Kg2 71. Kd4 Kh1 72. Bc5 Ba6 73. Bd6 Kg2 74. Be7 Kh1 75. Kc5 Kg2 76. Kb6 Bf1 77. Kc5 Kh1 78. Kd5 Kg2 79. Kd4 Kh1 80.
Ke3 Ba6 81. Kd4 Kg2 82. Bf8 Kh1 83. Kc5 Kg2 84. Kb6 Bf1 85. Kb7 Kh1 86. Kc7 Kg2 87. Kb6 Kh1 88. a6 Bxa6 1/2-1/2

[Event "Late-Titled-Tuesday-Blitz-August-29-2023"]
[Site "Chess.com"]
[Date "2023.08.29"]
[Round "11"]
[White "Fan_Of_Chucky"]
[Black "Mikhail_Golubev"]
[Result "1/2-1/2"]
[WhiteElo "2510"]
[BlackElo "2593"]
[TimeControl "180+1"]
[EndTime "16:03:08 PDT"]
[Termination "Game drawn by repetition"]

1. d4 Nf6 2. c4 g6 3. Nf3 Bg7 4. Nc3 O-O 5. e4 d6 6. Be2 e5 7.
d5 Qe8 8. O-O Nh5 9. Bd2 a5 10.
Ne1 Nf4 11. Bf3 Na6 12. g3 Nh3+ 13. Kh1 f5 14. exf5 gxf5 15. Qe2 f4 16. Bg4 fxg3 17. Bxc8 Nxf2+ 18. Kg1 Qxc8 19. hxg3 Nh3+ 20. Kg2 Rxf1 21. Qxf1 Qg4 22. Qf3 Nf4+ 23. Bxf4 Qxf3+ 24. Nxf3 exf4 25.
gxf4 Rf8 26. Kg3 Nc5 27. Re1 Nd3 28. Re7 Nxf4 29. Rxc7 Bxc3 30. bxc3 Ne2+ 31. Kf2 Nxc3 32.
Rxb7 Nxa2 33. Rd7 a4 34. Ra7 Nc3 35. Ke3 Re8+ 36. Kd4 Ne2+ 37. Kd3 Nf4+ 38. Kd4 Ne2+ 39. Kd3 Nf4+ 40. Kd4 Ne2+ 1/2-1/2

[Event "Late-Titled-Tuesday-Blitz-August-29-2023"]
[Site "Chess.com"]
[Date "2023.08.29"]
[Round "11"]
[White "Sjakkerntobi"]
[Black "AndreiITrifan"]
[Result "0-1"]
[WhiteElo "2480"]
[BlackElo "2596"]
[TimeControl "180+1"]
[EndTime "16:03:09 PDT"]
[Termination "AndreiITrifan won by checkmate"]

1. e4 e5 2. Nf3 Nc6 3. Bc4 Bc5 4. c3 Nf6 5. d3 d6 6. O-O a6 7. a4 Ba7 8. Re1 h6 9. Nbd2 g5 10. d4 Bg4 11. Qb3 Na5 12. Qb4 c5 13. Qa3 Bxf3 14. Nxf3 Nxc4 15. Qb3 Na5 16. Qd1 cxd4 17. cxd4 Nc6 18.
Qb3 Rb8 19. dxe5 Nxe5 20. Nxe5 dxe5 21. Rd1 Qb6 22. Qf3 O-O 23. Be3 Qc6 24. Bxa7 Ra8 25. Be3 Kg7 26. Rac1 Qxe4 27. Qxe4 Nxe4 28. Rd7 Rac8 29.
Rxc8 Rxc8 30. Rxb7 Rc2 31. f3 Nd6 32. Ra7 Nc4 33. Bc5 Nxb2 34. Bd6 Nd3 35. h4 gxh4 36. Rxa6 f6 37. a5 Nf4 38. Ra7+ Kg6 39. a6 Rxg2+ 40. Kh1 Ra2 41. Bc5 Nh5 42. Kg1 h3 43. Bf2 h2+ 44.
Kxh2 Rxf2+ 45. Kh3 Rxf3+ 46. Kg2 Ra3 47. Ra8 Nf4+ 48. Kf2 Kf5 49. a7 h5 50. Kg1 h4 51.
Kh2 h3 52. Kh1 Ke4 53. Kh2 Kf3 54. Kh1 Ra2 55. Kg1 h2+ 56. Kh1 Nh5 57. Rg8 Rxa7 58. Kxh2 Ra2+ 59. Kh3 Nf4+ 60. Kh4 Rh2# 0-1

[Event "Late-Titled-Tuesday-Blitz-August-29-2023"]
[Site "Chess.com"]
[Date "2023.08.29"]
[Round "11"]
[White "JoakimVonAnd"]
[Black "Ncatt"]
[Result "1-0"]
[WhiteElo "2736"]
[BlackElo "2474"]
[TimeControl "180+1"]
[EndTime "16:03:10 PDT"]
[Termination "JoakimVonAnd won by resignation"]

1. Nf3 d5 2. g3 c6 3. Bg2 Bg4 4. O-O Nd7 5. h3 Bh5 6. c4 e6 7. d4 Bd6 8. Qb3 Qb6 9. Nc3 Qxb3 10. axb3 a6 11. c5 Bc7 12. b4 Rd8 13. Bf4 Bxf4 14. gxf4 Ne7 15. Nd2 O-O 16. Nb3 f6 17. Na5 Rb8 18.
Rfe1 e5 19. dxe5 fxe5 20. e4 dxe4 21. fxe5 Nxe5 22. Rxe4 N7g6 23. Re3 Rf4 24. Rae1 Nf3+ 25. Bxf3 Bxf3 26. Re8+ Rf8 27. Rxf8+ Kxf8 28. Re3 Bh5 29. Ne4 Nf4 30. Nd6 Nd5 31. Rb3 Bd1 32. Rd3 Be2 33.
Rd2 Bb5 34. Rd4 b6 35. cxb6 Nxb6 36. Rf4+ Kg8 37. Re4 Nd5 38. Rd4 Nb6 39. Nxb5 cxb5 40. Rd6 Nc4 41. Rxa6 Nxb2 42. Nc6 Re8 43. Rb6 Re6 44.
Rb8+ Kf7 45. Nd8+ Ke7 46. Nxe6 Kxe6 47. Rxb5 Nd3 48. Rb7 Kf6 49. b5 Ne5 50. b6 Nf3+ 51. Kh1 Ng5 52. Ra7 Nxh3 53. b7 Nxf2+ 54. Kg2 1-0

[Event "Late-Titled-Tuesday-Blitz-August-29-2023"]
[Site "Chess.com"]
[Date "2023.08.29"]
[Round "11"]
[White "valemava"]
[Black "Quattroporte300"]
[Result "0-1"]
[WhiteElo "2299"]
[BlackElo "2405"]
[TimeControl "180+1"]
[EndTime "16:03:10 PDT"]
[Termination "Quattroporte300 won by resignation"]

1. Nf3 d5 2. c4 e6 3. b3 Nf6 4. Bb2 Be7 5. g3 O-O 6. Bg2 c6 7.
O-O Nbd7 8. d3 b6 9. a3 Bb7 10. b4 Bd6 11. Nc3 e5 12. e4 d4 13. Ne2 c5 14. b5 a6 15. a4 axb5 16. axb5 Rxa1 17.
Qxa1 Qa8 18. Qxa8 Rxa8 19. Ra1 Rxa1+ 20. Bxa1 g6 21. h4 Ne8 22. Bb2 f5 23. Nd2 Kf7 24. Bc1 f4 25. Nf3 h6 26. Bh3 Nef6 27. Bd2 fxg3 28.
fxg3 Kg7 29. g4 Nf8 30. Kf2 Bc8 31. Kg3 Be6 32. Bxh6+ Kxh6 33. g5+ Kg7 34. gxf6+ Kxf6 35. Bxe6 Nxe6 36. Kg4 Ng7 37. Ng3 Bc7 38. h5 gxh5+ 39.
Nxh5+ Nxh5 40. Kxh5 Bd8 41. Kh6 Be7 42. Nh4 Bf8+ 43.
Kh5 Bd6 44. Nf5 Bf8 45. Ng3 Be7 46. Kg4 Bf8 47. Kh5 Ke6 48. Nf5 Kf6 49. Nh4 Be7 50. Ng6 Bd8 51. Kh6 Ke6 52. Kg7 Bg5 53.
Nf8+ Ke7 54. Ng6+ Ke6 55. Nh8 Bf6+ 56. Kh7 Bxh8 57. Kxh8 Kf6 58. Kh7 Kg5 59. Kg7 Kf4 60. Kf6 Ke3 61. Kxe5 Kxd3 62. Kd5 Kc3 63. e5 d3 64. e6 d2 65. e7 d1=Q+ 66. Kc6 Qe2 67. Kd7 Kxc4 68. e8=Q Qxe8+ 69. Kxe8 Kxb5 70. Kd7 c4 71.
Kd6 c3 72. Kd5 c2 73. Kd4 c1=Q 74. Kd5 Qd1+ 75. Ke6 Kc6 76. Kf5 Qe2 0-1

[Event "Late-Titled-Tuesday-Blitz-August-29-2023"]
[Site "Chess.com"]
[Date "2023.08.29"]
[Round "11"]
[White "Rud_Makarian"]
[Black "Kacparov"]
[Result "1-0"]
[WhiteElo "3006"]
[BlackElo "2918"]
[TimeControl "180+1"]
[EndTime "16:03:11 PDT"]
[Termination "Rud_Makarian won by resignation"]

1. d4 Nf6 2. c4 e6 3. Nf3 Bb4+ 4. Bd2 a5 5. a3 Bxd2+ 6. Qxd2 b6 7. Nc3 Bb7 8. e3 Ne4 9. Nxe4 Bxe4 10. Be2 O-O 11.
O-O d6 12. b4 Nd7 13. Qc3 Qe7 14. Nd2 Bb7 15. Bf3 Bxf3 16. Nxf3 e5 17. b5 exd4 18.
Nxd4 Qf6 19. Qc2 Rfe8 20. Rad1 Nc5 21. Ne2 Qg6 22. Qc1 Qg5 23. Nf4 Rac8 24. Nd5 Nd7 25. Rd4 Nf6 26. Qc2 h6 27. h4 Qe5 28. Qd3 Nd7 29.
g3 Nc5 30. Qd1 Ne6 31. Rd2 Qe4 32. Qb1 Qxc4 33. Qf5 Qb3 34. Rc1 Qxa3 35. Rc4 Qa1+ 36. Kg2 Qe5 37. Qf3 Nc5 38. Rg4 Kf8 39. Rf4 Kg8 40. Rxf7 Qe4 41. Rxc7 Rxc7 42. Nxc7 Rf8 43. Qxe4 Nxe4 44. Ra2 Nc3 45. Rc2 Ne4 46. Nd5 Rb8 47. Rc7 Nc5 48. h5 a4 49. Ra7 Kf8 50. g4 Rb7 51.
Ra8+ Kf7 52. f4 Ke6 53. Nc3 Rc7 54. Kf3 Nb3 55. Nxa4 Nd2+ 56. Ke2 Ne4 57. Re8+ 1-0

[Event "Late-Titled-Tuesday-Blitz-August-29-2023"]
[Site "Chess.com"]
[Date "2023.08.29"]
[Round "11"]
[White "dosto07"]
[Black "Grebeniuk-S"]
[Result "0-1"]
[WhiteElo "2509"]
[BlackElo "2610"]
[TimeControl "180+1"]
[EndTime "16:03:12 PDT"]
[Termination "Grebeniuk-S won by checkmate"]

1. e4 d5 2. exd5 Qxd5 3. Nc3 Qa5 4. d4 Nf6 5. Nf3 Bg4 6. h3 Bh5 7. g4 Bg6 8. Bf4 Nbd7 9. Bg2 e6 10. O-O c6 11.
Ne5 Nxe5 12. dxe5 Nd5 13. Nxd5 exd5 14. Bd2 Qb6 15. Kh1 h5 16. g5 Bc5 17. Qe1 O-O 18. b4 Be7 19. c3 Rfe8 20. f4 Bf5 21. Be3 Qc7 22. Bd4 Qd7 23. Qh4 g6 24. Rae1 Qe6 25. Qg3 b6 26. h4 Rac8 27. Bg1 c5 28. bxc5 bxc5 29. Rd1 Red8 30. Bf3 Be4 31. Rf2 Bxf3+ 32. Qxf3 d4 33. cxd4 cxd4 34. Rfd2 Rc3 35. Rd3 Rxd3 36. Rxd3 Qxa2 37. f5 gxf5 38. Qxf5 Qd5+ 39. Kh2 Bd6 40. Bxd4 Bxe5+ 41. Bxe5 Qxd3 42. Qf6 Qe2+ 43. Kg3 Rd3+ 44.
Kf4 Qf3# 0-1

[Event "Late-Titled-Tuesday-Blitz-August-29-2023"]
[Site "Chess.com"]
[Date "2023.08.29"]
[Round "11"]
[White "karinachess1"]
[Black "The_Straightforward_Rook"]
[Result "1-0"]
[WhiteElo "2608"]
[BlackElo "2507"]
[TimeControl "180+1"]
[EndTime "16:03:12 PDT"]
[Termination "karinachess1 won by resignation"]

1. c4 e5 2. Nc3 Nf6 3. Nf3 e4 4. Ng5 c6 5. Ngxe4 Nxe4 6. Nxe4 d5 7. cxd5 cxd5 8. Ng3 h5 9. e3 h4 10. Bb5+ Nc6 11. Ne2 h3 12. g3 Bd6 13. Nd4 Bd7 14.
Qa4 O-O 15. Nxc6 bxc6 16. Be2 c5 17. Qc2 d4 18. O-O Rc8 19. d3 Bc6 20. e4 f5 21.
f4 c4 22. e5 cxd3 23. Bxd3 Bg2 24. Qb3+ Kh8 25. exd6 Bxf1 26. Bxf1 Qxd6 27. Qd3 Rfe8 28. Bd2 Qc6 29. Bxh3 Qc2 30. Bxf5 Qxb2 31. Rb1 Qxa2 32. Bg6 Re2 33. Qxe2 d3 34. Qh5+ Kg8 35. Qh7+ Kf8 36. Qh8+ Ke7 37. Qxg7+ Ke6 38. Qf7+ Kd6 39. Bb4+ Kc6 40.
Qxa2 1-0

[Event "Late-Titled-Tuesday-Blitz-August-29-2023"]
[Site "Chess.com"]
[Date "2023.08.29"]
[Round "11"]
[White "gunslinger222"]
[Black "GreatOwl02"]
[Result "0-1"]
[WhiteElo "2452"]
[BlackElo "2413"]
[TimeControl "180+1"]
[EndTime "16:03:12 PDT"]
[Termination "GreatOwl02 won by resignation"]

1. d4 Nf6 2. c4 e6 3. Nf3 b6 4. g3 Bb4+ 5. Bd2 c5 6. Bxb4 cxb4 7.
a3 bxa3 8. Rxa3 Bb7 9. Bg2 O-O 10. O-O d6 11. Nc3 a5 12. d5 e5 13. Nd2 Na6 14. Nb5 Rc8 15. f4 Re8 16. f5 e4 17. e3 Nc5 18. g4 h6 19. h3 Ba6 20.
Na7 Rc7 21. Nc6 Qd7 22. h4 Nh7 23. Nd4 Qe7 24. Qe1 Nd3 25. Qg3 Nxb2 26. Nxe4 Nxc4 27. Rc3 Nf6 28. Nc6 Rxc6 29. Nxf6+ Qxf6 30. dxc6 Qxc3 31. Re1 Rxe3 32. Rxe3 Qxe3+ 33. Qxe3 Nxe3 34. c7 Bc8 35. Be4 Nxg4 36. Bb7 Bxb7 37. c8=Q+ Bxc8 0-1

[Event "Late-Titled-Tuesday-Blitz-August-29-2023"]
[Site "Chess.com"]
[Date "2023.08.29"]
[Round "11"]
[White "PawnEatingZombie"]
[Black "ToddBryant"]
[Result "0-1"]
[WhiteElo "2089"]
[BlackElo "2318"]
[TimeControl "180+1"]
[EndTime "16:03:12 PDT"]
[Termination "ToddBryant won by resignation"]

1. e4 c5 2. Nc3 d6 3. f4 g6 4.
Nf3 Bg7 5. Bb5+ Bd7 6. a4 Nc6 7. d3 e6 8. e5 d5 9. O-O Nge7 10. Ne2 a6 11. Bxc6 Bxc6 12. a5 O-O 13. c3 f6 14. d4 cxd4 15. Nexd4 Qc8 16. exf6 Bxf6 17. Re1 Bd7 18. Qe2 Re8 19. Ng5 Nf5 20. Nxf5 exf5 21.
Qd1 Qc5+ 22. Kh1 Rxe1+ 23. Qxe1 Re8 24. Qd1 Bc6 25. Nf3 Re4 26. Bd2 d4 27. Qg1 Re2 28. Re1 Qe7 29. Rxe2 Qxe2 30. Qe1 Bxf3 31. gxf3 Qxf3+ 32. Kg1 Qe4 33. Qxe4 fxe4 34. cxd4 Bxd4+ 35. Kg2 Bxb2 36. Be3 Bc3 37. Bb6 Kf7 38. Kf2 Ke6 39. Ke3 Kf5 40.
h3 Bb2 41. Bc7 Bc1+ 42. Ke2 Bxf4 0-1

[Event "Late-Titled-Tuesday-Blitz-August-29-2023"]
[Site "Chess.com"]
[Date "2023.08.29"]
[Round "11"]
[White "lefonghua"]
[Black "Goffredo_Fofi"]
[Result "1-0"]
[WhiteElo "2672"]
[BlackElo "2554"]
[TimeControl "180+1"]
[EndTime "16:03:17 PDT"]
[Termination "lefonghua won on time"]

1. d4 g6 2. c4 Bg7 3. e4 d6 4. f4 c5 5. d5 e6 6. Nf3 exd5 7.
cxd5 a6 8. Nc3 Nf6 9. e5 dxe5 10. fxe5 Ng4 11. Bg5 Qb6 12. Qd2 O-O 13. O-O-O Nxe5 14. Nxe5 Bxe5 15. Be7 Re8 16. d6 Be6 17. Re1 Bg7 18.
Rxe6 fxe6 19. Bc4 Nc6 20. Bxe6+ Kh8 21. Nd5 Qa5 22. Qxa5 Nxa5 23. Nc7 Nc6 24. Nxe8 Rxe8 25. Bf7 Rxe7 26. dxe7 Nxe7 27. Rd1 Bd4 28. Re1 Bf6 29. Bb3 Kg7 30. Re6 Nc6 31. Rd6 Ne5 32. Bd5 b5 33.
Rxa6 Nd3+ 34. Kc2 Nxb2 35. Rxf6 Kxf6 36. Kxb2 Ke5 37. Bc6 b4 38. Kb3 Kd4 39. Bb5 g5 40. g4 1-0

[Event "Late-Titled-Tuesday-Blitz-August-29-2023"]
[Site "Chess.com"]
[Date "2023.08.29"]
[Round "11"]
[White "Jojo_898"]
[Black "Jaka_Brilej"]
[Result "1-0"]
[WhiteElo "2385"]
[BlackElo "2490"]
[TimeControl "180+1"]
[EndTime "16:03:17 PDT"]
[Termination "Jojo_898 won by resignation"]

1. e4 e6 2. d4 d5 3. Nd2 c5 4. Ngf3 cxd4 5. Nxd4 Nf6 6. exd5 Qxd5 7. c3 Nc6 8. N2f3 Bc5 9. Be3 Ng4 10. Be2 Nxe3 11.
fxe3 O-O 12. O-O Bd7 13. Kh1 Rad8 14. Qc2 e5 15. e4 Qd6 16. Nf5 Bxf5 17. exf5 Bb6 18.
Rad1 Qh6 19. Bd3 Rd6 20. Nd2 Rfd8 21. Ne4 R6d7 22. f6 g6 23. Rf3 Na5 24. Rdf1 Qh5 25. Rh3 Qg4 26. Be2 Qe6 27. Ng5 Qxa2 28. Rxh7 Rd2 29.
Rg7+ Kf8 30. Nh7+ Ke8 31. Bb5+ Nc6 32. Rg8+ Kd7 33. Qxd2+ Kc8 34. Rxd8+ Nxd8 35. Qd7+ Kb8 36. Ng5 Qxb2 37. Nxf7 Nxf7 38. Qe8+ Nd8 39. f7 1-0

[Event "Late-Titled-Tuesday-Blitz-August-29-2023"]
[Site "Chess.com"]
[Date "2023.08.29"]
[Round "11"]
[White "stasOR4ik"]
[Black "CheckBits"]
[Result "1-0"]
[WhiteElo "2476"]
[BlackElo "2405"]
[TimeControl "180+1"]
[EndTime "16:03:17 PDT"]
[Termination "stasOR4ik won by resignation"]

1. c4 c6 2. e4 e6 3. Nc3 d5 4. cxd5 cxd5 5. exd5 exd5 6. d4 Nf6 7. Nf3 Nc6 8. Bg5 Be7 9. Bd3 O-O 10. h3 h6 11.
Bh4 Be6 12. O-O Qb6 13. b3 Nb4 14. Re1 Nxd3 15. Qxd3 Rfd8 16. Re3 Rac8 17. Rae1 Rc6 18. Ne5 Rc7 19. Nxf7 Kxf7 20. Rxe6 Qxe6 21. Rxe6 Kxe6 22. Ne2 Bd6 23. Bg3 Ne4 24. Bxd6 Kxd6 25. f3 Nf6 26. Qg6 Re8 27. Ng3 Kc6 28. Nf5 Kb5 29. Nxg7 Rg8 30. Qd3+ Kb6 31. Ne6 Rc1+ 32. Kh2 Nh5 33. a4 a6 34. g4 Re8 35. Qf5 Nf6 36. Nf4 Rc2+ 37. Kg3 Ne4+ 38. fxe4 Rc3+ 39. Kh4 dxe4 40. Nd5+ Ka7 41.
Nxc3 1-0

[Event "Late-Titled-Tuesday-Blitz-August-29-2023"]
[Site "Chess.com"]
[Date "2023.08.29"]
[Round "11"]
[White "PepeCuenca"]
[Black "slidingknight2775"]
[Result "1-0"]
[WhiteElo "2708"]
[BlackElo "2536"]
[TimeControl "180+1"]
[EndTime "16:03:18 PDT"]
[Termination "PepeCuenca won on time"]

1. c4 e6 2. Nf3 Nf6 3. d4 d5 4.
Nc3 a6 5. c5 b6 6. cxb6 cxb6 7.
Bf4 Bd6 8. e3 Bb7 9. Bd3 O-O 10.
O-O h6 11. Qb3 Bxf4 12. exf4 Ne4 13. Rfe1 Nxc3 14. Qxc3 Nc6 15. Rad1 Qf6 16. g3 Rac8 17. Qd2 Rfd8 18. Bb1 Na5 19. b3 Nc6 20. a3 Na5 21. Qb4 Rc6 22. h4 Rcd6 23. Kg2 Ba8 24. Re3 Nb7 25. Ne5 Rc8 26. h5 a5 27. Qd2 Nd8 28.
Qd3 Kf8 29. Rf3 Nc6 30. g4 Rdd8 31. Qh7 Ke7 32. Qd3 Kf8 33. Re1 Bb7 34. Qe3 Ba8 35.
g5 Qe7 36. Rg3 Nxe5 37. fxe5 hxg5 38. Rxg5 Rc3 39. Qf4 Rxb3 40. Qg4 Rb2 41. Rxg7 Ke8 42. Bg6 1-0

[Event "Late-Titled-Tuesday-Blitz-August-29-2023"]
[Site "Chess.com"]
[Date "2023.08.29"]
[Round "11"]
[White "Kombinator01"]
[Black "Karttunen"]
[Result "1-0"]
[WhiteElo "2451"]
[BlackElo "2552"]
[TimeControl "180+1"]
[EndTime "16:03:24 PDT"]
[Termination "Kombinator01 won by resignation"]

1. d4 Nf6 2. Bf4 g6 3. Nc3 d5 4.
Qd2 Bg7 5. h4 h6 6. O-O-O c6 7. f3 Be6 8. g4 b5 9. Kb1 Nbd7 10. e4 Nb6 11. Be5 b4 12. Nce2 dxe4 13. Nf4 Bd5 14. Qxb4 exf3 15. Rh3 f2 16. Nge2 a5 17. Qc3 Ne4 18. Qd3 f6 19. Nxg6 fxe5 20. Nxh8 Bxh8 21. Re3 Rb8 22. Rxe4 Nc4 23. b3 Na3+ 24.
Kb2 Qd6 25. dxe5 Bxe5+ 26. Rxe5 Qxe5+ 27. Kxa3 Rb4 28. c4 Be6 29. Qg6+ Bf7 30. Qxc6+ Kf8 31. Qxh6+ Ke8 32. Qc6+ Kf8 33. Qc8+ Kg7 34. Qf5 Qxf5 35. gxf5 Rb6 36. Nf4 Rf6 37. Bh3 Rh6 38. Nd3 Rxh4 39. Nxf2 Rf4 40. Rd2 Rf3 41. Ka4 Kf6 42. Kxa5 Ke5 43.
Bg2 Rg3 44. Nd3+ Kd4 45. Nb4+ Kc3 46. Rd3+ Rxd3 47. Nxd3 Kxd3 48. c5 Kd4 49. c6 Be8 50. c7 Bd7 51. Bb7 Bxf5 52. c8=Q Bxc8 53. Bxc8 e5 54.
Bf5 1-0

[Event "Late-Titled-Tuesday-Blitz-August-29-2023"]
[Site "Chess.com"]
[Date "2023.08.29"]
[Round "11"]
[White "matagordo"]
[Black "Training_Day"]
[Result "0-1"]
[WhiteElo "2218"]
[BlackElo "2461"]
[TimeControl "180+1"]
[EndTime "16:03:25 PDT"]
[Termination "Training_Day won on time"]

1. d4 Nf6 2. Bf4 b6 3. Nf3 Bb7 4. h3 e6 5. e3 c5 6. c3 Be7 7. Nbd2 O-O 8. Be2 cxd4 9. exd4 d6 10. O-O Nbd7 11. a4 a6 12. Re1 Re8 13. Bh2 Bf8 14.
Bf1 Qc7 15. Qc2 h6 16. a5 b5 17. Bd3 Rac8 18. Ne4 Nxe4 19. Bxe4 Bxe4 20. Qxe4 Nf6 21. Qe2 Qb7 22. Nd2 d5 23. Be5 Nd7 24. Bg3 b4 25.
Rec1 Rc6 26. Nf3 Rec8 27. Qe3 Qb5 28. Kh2 Rc4 29. Be5 bxc3 30. bxc3 Qc6 31. Rab1 Bb4 32. Qf4 Bxa5 33. Qg3 f6 34. Bf4 Kh7 35. Nh4 Nf8 36. Bd6 g5 37. Bxf8 Rxf8 38. Nf3 Bxc3 39. h4 Qc7 40. hxg5 hxg5 0-1

[Event "Late-Titled-Tuesday-Blitz-August-29-2023"]
[Site "Chess.com"]
[Date "2023.08.29"]
[Round "11"]
[White "ahkashefi2800"]
[Black "KaydenTroffChess"]
[Result "1-0"]
[WhiteElo "2614"]
[BlackElo "2780"]
[TimeControl "180+1"]
[EndTime "16:03:26 PDT"]
[Termination "ahkashefi2800 won by resignation"]

1. e4 c5 2. Na3 g6 3. c3 Bg7 4. g3 a6 5. Bg2 e6 6. Ne2 Ne7 7.
O-O O-O 8. d4 cxd4 9. cxd4 d5 10. e5 Nf5 11. Be3 Nxe3 12. fxe3 Nc6 13. Qd2 b5 14. Rac1 Bd7 15. Nc2 Qa5 16. Qxa5 Nxa5 17. b3 Rfc8 18. Nb4 Bf8 19. Nd3 b4 20. Rxc8 Rxc8 21.
Rc1 Rxc1+ 22. Nexc1 Bb5 23. Bf1 Nc6 24. Nf4 Bxf1 25.
Kxf1 Bh6 26. Ncd3 Kf8 27. Nc5 a5 28. h4 g5 29. hxg5 Bxg5 30. Nfxe6+ fxe6 31. Nxe6+ Kf7 32. Nxg5+ Kg6 33. Nf3 Kf5 34. Kf2 h6 35. Ne1 Ke4 36. Ng2 Ne7 37. Nh4 Kd3 38. Kf3 Kc2 39. g4 Kb2 40.
Nf5 Ng8 41. e4 dxe4+ 42. Kxe4 Kxa2 43. d5 a4 44. d6 axb3 45. d7 b2 46. d8=Q b1=Q+ 47.
Kd5 Qb3+ 48. Kc5 Qc3+ 49. Kb5 b3 50. Qxg8 Qxe5+ 51. Kc6 Qe4+ 52. Kd7 Qb7+ 53. Kd6 Qb4+ 54.
Ke5 Qc5+ 55. Kf4 Qc7+ 56. Kf3 Qc6+ 57. Kg3 Qc3+ 58. Kh4 Qe1+ 59. Kh5 Qh1+ 60. Kg6 Qc6+ 61. Kh7 Kb2 62. Qxb3+ Kxb3 63. Nd4+ Kc4 64. Nxc6 Kd5 65.
Kxh6 Kxc6 66. g5 Kd6 67. g6 Ke7 68. Kh7 Kf6 69. g7 1-0